 Dungeon Crawl Stone Soup version 0.23.2-40-g277498a001 (webtiles) character file.

Game seed: 16428393262895657500

13368 MalarOregon the Spear-Bearer (level 12, 0/94 HPs)
             Began as a Merfolk Gladiator on Aug 24, 2019.
             Was an Elder of Hepliaklqana.
             Slain by a spiny frog (13 damage)
             ... on level 2 of the Lair of Beasts.
             The game lasted 00:17:33 (12124 turns).

MalarOregon the Spear-Bearer (Merfolk Gladiator)   Turns: 12124, Time: 00:17:33

Health: 0/94       AC:  9    Str: 16    XL:     12   Next: 5%
Magic:  0/12       EV: 17    Int: 11    God:    Hepliaklqana [****..]
Gold:   585        SH:  0    Dex: 15    Spells: 11/11 levels left

rFire    . . .     SeeInvis .   a - +1 trident
rCold    . . .     Gourm    .   (no shield)
rNeg     . . .     Faith    .   m - +0 scale mail
rPois    .         Spirit   +   D - +0 helmet
rElec    .         Reflect  .   q - scarf {Spirit}
rCorr    .         Harm     .   s - +0 pair of gloves
MR       .....     Rnd*Tele +   i - +0 pair of boots
Stlth    ..........             x - amulet of rage
HPRegen  0.25/turn              h - ring of teleportation (curse)
MPRegen  0.13/turn              l - ring of attention (curse)

@: no status effects
A: change form in water, swift swim, stealthy swim, reduced essence
a: Recall Ancestor, Ancestor Identity, Transference, Idealise, Renounce
Religion, Evoke Berserk Rage


You were on level 2 of the Lair of Beasts.
You worshipped Hepliaklqana.
Hepliaklqana was greatly pleased with you.
You were not hungry.

You visited 3 branches of the dungeon, and saw 11 of its levels.
You also visited: Sewer.

You collected 621 gold pieces.
You spent 36 gold pieces at shops.

Inventory:

Hand Weapons
 a - a +1 trident (weapon)
 r - a +0 blowgun
   (You took it off a kobold on level 3 of the Dungeon)
 G - a +5 halberd of protection
   (You acquired it on level 1 of the Lair of Beasts)
Missiles
 d - 5 throwing nets (quivered) {!f}
 o - 4 javelins of penetration
Armour
 i - a +0 pair of boots (worn)
   (You found it on level 1 of the Dungeon)
 m - a +0 scale mail (worn)
   (You found it on level 1 of the Dungeon)
 q - a scarf of spirit shield (worn)
   (You found it on level 3 of the Dungeon)
 s - a +0 pair of gloves (worn)
   (You found it on level 4 of the Dungeon)
 D - a +0 helmet (worn)
Magical Staves
 K - a cursed staff of air {unknown}
   (You found it on level 7 of the Dungeon)
Jewellery
 h - a cursed ring of teleportation (left hand)
   (You found it on level 6 of the Dungeon)
 l - a cursed ring of attention (right hand)
   (You found it on level 1 of the Lair of Beasts)
 x - an amulet of rage (around neck)
   (You found it on level 5 of the Dungeon)
 z - an uncursed ring of see invisible
   (You found it in a sewer)
 E - a +5 ring of intelligence
   (You found it on level 6 of the Dungeon)
Wands
 c - a wand of disintegration (5)
   (You found it on level 3 of the Dungeon)
 t - a wand of flame (19)
   (You found it on level 7 of the Dungeon)
 u - a wand of paralysis (3)
   (You found it on level 2 of the Dungeon)
 v - a wand of digging (9)
   (You found it on level 8 of the Dungeon)
Scrolls
 b - 4 scrolls of teleportation {@r4}
 k - a scroll of fog
 y - a scroll of identify {@r1}
 F - 2 scrolls of immolation {!r}
Potions
 f - 3 potions of flight
 g - 2 potions of haste {@q3}
 j - 2 potions of mutation {!q}
 p - 2 potions of heal wounds {@q2}
 A - a potion of agility
 B - a potion of curing {@q1}
 C - 3 potions of brilliance
Comestibles
 e - 20 rations {!d}


   Skills:
 + Level 13.2 Fighting
 - Level 14.0 Polearms
 - Level 2.0 Throwing
 - Level 14.0 Dodging


You had 11 spell levels left.
You didn't know any spells.
Your spell library was empty.

Dungeon Overview and Level Annotations

Branches:
Dungeon (8/15)             Temple (1/1) D:4            Lair (2/6) D:8
  Swamp: Lair:2-4    Shoals: Lair:2-4     Snake: Lair:2-4    Spider: Lair:2-4

Altars:
Cheibriados
Dithmenos
Elyvilon
Fedhas
Gozag
Hepliaklqana
Kikubaaqudgha
Makhleb
Nemelex Xobeh
Okawaru
Qazlal
Ru
Sif Muna
Trog
Uskayaw
Vehumet
Wu Jian
Xom
Yredelemnul
Zin
The Shining One

Shops:
D:4 *


Message History

You could not reach far enough!
You feel sick.
Artakama hits the spiny frog with a +0 dagger of draining!
The spiny frog dies!
You start resting.
You feel sick. x15
Unknown command.
You start resting.
You feel sick. x2
You are no longer poisoned.
You start resting.
You start resting.
A bullfrog comes into view.
You are too injured to fight recklessly!
The bullfrog croaks.
You puncture the bullfrog! The bullfrog hits you!
* * * LOW HITPOINT WARNING * * *
You barely miss the bullfrog.
The bullfrog hits you but does no damage.
You closely miss the bullfrog. The bullfrog hits you.
* * * LOW HITPOINT WARNING * * *
You barely miss the bullfrog.
Artakama closely misses the bullfrog.
The bullfrog closely misses you.
You closely miss the bullfrog. The bullfrog closely misses you.
Artakama hits the bullfrog with a +0 dagger of draining!
You puncture the bullfrog!
You kill the bullfrog!
You see here a bullfrog corpse.
You butcher the bullfrog corpse.
n - a chunk of flesh You see here a bullfrog skeleton.
You start resting.
Eating a chunk of flesh.
You eat the chunk of flesh.
A spiny frog comes into view.
A spiny frog is nearby!
Attack whom?
Aim: a spiny frog You closely miss the spiny frog.
Artakama gestures at the spiny frog while chanting.
The spiny frog resists with some effort.
The spiny frog stings you!!
* * * LOW HITPOINT WARNING * * *
Attack whom?
Aim: a spiny frog You hit the spiny frog.
Artakama hits the spiny frog with a +0 dagger of draining.
Artakama drains the spiny frog.
You see here a bullfrog skeleton.
Artakama gestures at the spiny frog while chanting.
The spiny frog resists with significant effort.
The spiny frog stings you!!
You die...

... .. #......##.#
..... .......#..#
.....##...#...#.#
......#..###.#..##
.................#
................P#
................##
................#
.......@F.......#
........รท.......#
.#.....##R..#...#
##...# ###.##..#
#... #....##..#
#...#.....##..#
#... #P......>.#
##..........#...
...#....##..##


You could see the friendly Artakama the hexer and a spiny frog.

Vanquished Creatures
  A hydra (Lair:2)
  4 elephants (Lair:2)
  3 black mambas
  4 spiny frogs
  2 blink frogs (Lair:2)
  A hippogriff (Lair:1)
  12 yaks
  A basilisk (Lair:1)
  Menkaure (D:4)
  2 water moccasins
  7 porcupines
  2 orc warriors (D:8)
  2 black bears
  2 sky beasts (D:7)
  2 necrophages
  2 ogres
  2 centaurs
  3 crocodiles
  7 bullfrogs
  A scorpion (D:3)
  A water moccasin skeleton (D:8)
  4 killer bees (D:8)
  A howler monkey (D:3)
  An electric eel (Lair:1)
  2 crimson imps (D:8)
  2 orc wizards (D:8)
  An orc priest (D:8)
  A jelly (D:7)
  A bullfrog skeleton (D:7)
  Terence (D:2)
  3 iguanas
  7 worker ants
  A hound skeleton (D:6)
  5 adders
  2 shadow imps
  An ooze (D:1)
  4 worms
  2 dart slugs
  10 leopard geckos
  3 orcs
  3 ball pythons
  12 giant cockroaches
  6 goblins
  11 hobgoblins
  10 jackals
  7 kobolds
  A quokka (D:2)
  5 bats
  11 frilled lizards
  9 rats
189 creatures vanquished.

Vanquished Creatures (collateral kills)
  Harold (Lair:2)
  3 spiny frogs
  2 blink frogs (Lair:2)
  3 yaks
  A water moccasin (Lair:2)
  2 porcupines (D:8)
  A sky beast (D:6)
  2 crocodiles
  2 bullfrogs (Lair:1)
  An orc priest (D:5)
  An iguana (D:6)
  A hound skeleton (D:8)
  A shadow imp (D:5)
  A worm (D:6)
  3 leopard geckos (D:5)
  4 orcs
29 creatures vanquished.

Vanquished Creatures (others)
  5 hexers
  2 ancestors
  A fungus (D:8)
8 creatures vanquished.

Grand Total: 226 creatures vanquished

Notes
Turn   | Place    | Note
-------+----------+-------------------------------------------
     0 | D:1      | MalarOregon the Merfolk Gladiator began the quest for the
                  | Orb.
     0 | D:1      | Reached XP level 1. HP: 16/16 MP: 1/1
    52 | D:1      | Reached XP level 2. HP: 23/23 MP: 2/2
   104 | D:1      | Reached skill level 5 in Polearms
   346 | D:1      | Reached XP level 3. HP: 28/28 MP: 3/3
  1045 | D:2      | Reached XP level 4. HP: 28/34 MP: 4/4
  1186 | D:2      | Noticed Terence
  1218 | D:2      | Killed Terence
  2092 | D:2      | Reached skill level 5 in Dodging
  2092 | D:2      | Reached XP level 5. HP: 23/41 MP: 5/5
  3725 | D:4      | Found Peppagum's General Store.
  3751 | D:4      | Reached XP level 6. HP: 18/48 MP: 2/6
  3800 | D:4      | Bought a potion of degeneration for 12 gold pieces
  3800 | D:4      | Bought a scroll of identify for 24 gold pieces
  3831 | D:4      | Noticed Menkaure
  3974 | D:4      | Found a glowing drain.
  4024 | Sewer    | Entered a sewer
  4753 | D:4      | Found a staircase to the Ecumenical Temple.
  4787 | Temple   | Entered the Ecumenical Temple
  4809 | Temple   | Became a worshipper of Hepliaklqana the Forgotten
  5669 | D:4      | Killed Menkaure
  5669 | D:4      | Reached XP level 7. HP: 39/49 MP: 0/7
  5998 | D:5      | Entered Level 5 of the Dungeon
  6299 | D:5      | Reached skill level 5 in Fighting
  6555 | D:5      | Reached XP level 8. HP: 42/55 MP: 6/8
  6650 | D:5      | Reached skill level 10 in Polearms
  6922 | D:6      | Reached * piety under Hepliaklqana
  7608 | D:7      | Found a deep blue altar of Sif Muna.
  7698 | D:7      | Reached XP level 9. HP: 59/61 MP: 9/9
  7802 | D:7      | Reached ** piety under Hepliaklqana
  7805 | D:7      | Remembered your ancestor Artakama as a hexer
  8835 | D:8      | Found a staircase to the Lair.
  8943 | Lair:1   | Entered Level 1 of the Lair of Beasts
  8943 | Lair:1   | Noticed a spiny frog
  8944 | Lair:1   | Noticed a spiny frog
  8969 | D:8      | Killed a spiny frog
  8969 | D:8      | Reached XP level 10. HP: 39/72 MP: 1/10
  9237 | Lair:1   | Noticed a spiny frog
  9249 | Lair:1   | Killed a spiny frog
  9249 | Lair:1   | Reached skill level 10 in Dodging
  9269 | Lair:1   | Killed a spiny frog
  9297 | Lair:1   | Noticed a black mamba
  9328 | Lair:1   | Killed a black mamba
  9906 | Lair:1   | Reached skill level 10 in Fighting
 10004 | Lair:1   | Reached *** piety under Hepliaklqana
 10072 | Lair:1   | Reached XP level 11. HP: 28/81 MP: 5/11
 10548 | Lair:2   | Noticed Harold
 10571 | Lair:2   | Killed Harold
 11019 | Lair:1   | Identified a scroll of acquirement
 11372 | Lair:2   | Noticed a five-headed hydra
 11388 | Lair:2   | Killed a five-headed hydra
 11746 | Lair:2   | Reached XP level 12. HP: 35/94 MP: 6/12
 12017 | Lair:2   | Reached **** piety under Hepliaklqana
 12124 | Lair:2   | Slain by a spiny frog

Skill      XL: |  1  2  3  4  5  6  7  8  9 10 11 |
---------------+----------------------------------+-----
Polearms       | 5 6 7 8 9 11 13 14 | 14.0
Fighting       | 3 4 5 6 7 10 13 | 13.2
Dodging        | 5 6 7 8 9 12 14 | 14.0
Throwing       | |  2.0

Action                   |  1- 3 |  4- 6 |  7- 9 | 10-12 || total
-------------------------+-------+-------+-------+-------++-------
Melee: Trident           |    51 |       |   273 |   310 ||   634
       Spear             |   117 |   657 |    95 |       ||   869
       Tailslap          |       |     9 |       |     2 ||    11
       Halberd           |       |       |       |    65 ||    65
Invok: Ancestor Life: He |       |       |     1 |       ||     1
Evoke: Wand              |       |     5 |     7 |     1 ||    13
  Use: Scroll            |     4 |     6 |     6 |     5 ||    21
       Potion            |       |     3 |     6 |     5 ||    14
 Stab: Sleeping          |     2 |       |       |       ||     2
       Distracted        |     1 |       |     2 |     4 ||     7
       Paralysed         |       |     5 |       |       ||     5
       Confused          |       |       |     2 |     8 ||    10
  Eat: Chunk             |     1 |    13 |     8 |    11 ||    33
       Ration            |       |       |     1 |       ||     1
Armor: Leather armour    |    12 |       |       |       ||    12
       Scale mail        |    32 |   163 |    56 |    69 ||   320
       Skin              |       |       |    23 |       ||    23
Dodge: Dodged            |    51 |   276 |   136 |   172 ||   635
